 Dungeon Crawl Stone Soup version 0.31.0-12-g77e489cdc1 (webtiles) character file.

Game seed: 4872085519847548289

9 Gadfly the Trooper (level 2, 24/24 HPs)
             Began as a Demonspawn Monk on Feb 12, 2024.
             Quit the game on level 1 of the Dungeon.
             The game lasted 00:00:49 (216 turns).

Gadfly the Trooper (Demonspawn Monk)                 Turns: 216, Time: 00:00:50

Health: 24/24      AC:  2    Str: 11    XL:     2   Next: 3%
Magic:  2/2        EV: 13    Int: 10    God:
Gold:   11         SH:  0    Dex: 15    Spells: 1/1 levels left

rFire   . .          .
                       - Unarmed
rCold   . . .        c - orb {light}
rNeg    . . .        a - +0 robe
rPois   .            (no helmet)
rElec   .            (no cloak)
rCorr   .            (no gloves)
SInv    .            (no boots)
Will    .....        (no amulet)
Stlth   +            (no ring)
HPRegen 0.24/turn    (no ring)
MPRegen 0.08/turn

%: no passive effects
@: glowing
A: powered by pain 1
a: no special abilities


You were on level 1 of the Dungeon.
You visited 1 branch of the dungeon, and saw 1 of its levels.

You collected 11 gold pieces.

Inventory:

Armour
 a - a +0 robe (worn)
 c - an orb of light (worn)
Scrolls
 d - a scroll of identify {unknown}
 g - a scroll of amnesia {unknown}
Potions
 b - a potion of ambrosia
 e - a potion of lignification {unknown}
 f - a potion of brilliance {unknown}


   Skills:
 - Level 3.0 Fighting
 + Level 2.8 Dodging
 * Level 2.9 Unarmed Combat
 * Level 0.6 Evocations
 * Level 0.4 Shapeshifting


You had one spell level left.
You didn't know any spells.
Your spell library was empty.

Dungeon Overview and Level Annotations

Branches:
Dungeon (1/15)

Altars:

Shops:
D:1 [


Innate Abilities, Weirdness & Mutations

You sometimes gain a little power by taking damage.


Message History

A ball python comes into view.
A ball python is nearby!
The ball python hisses angrily.
You hear an angry hiss.
A ball python comes into view.
A goblin comes into view. It is wielding a +0 club.
Found a whip and a scroll labelled VAREAC XAUN.
The goblin shouts!
You hit the ball python.
You kill the ball python!
You hit the ball python.
You kill the ball python!
You hit the goblin.
You kill the goblin!
A goblin comes into view. It is wielding a +0 dagger.
The goblin shouts!
Things that are here:
a +0 club; a +0 whip The goblin barely misses you.
You see here a scroll labelled VAREAC XAUN.
You hit the goblin.
The goblin is heavily wounded.
The goblin hits you with a +0 dagger.
You hit the goblin.
You kill the goblin!
No target in view!
No target in view!
No target in view!
No target in view!
g - a scroll labelled VAREAC XAUN
Things that are here:
a +0 dagger; a goblin corpse
Found a sling.
A goblin comes into view. It is wielding a +0 dagger.
The goblin shouts!
You hit the goblin.
You kill the goblin!
You have reached level 2!
Your demonic ancestry asserts itself...
You feel energised by your suffering.
Are you sure you want to abandon this character and quit the game? (Confirm with "yes".)

♣#♣#♣###. #........
######♣.♣#♣###. ####
).............. ...
####.#♣.♣########)#####
####.##.........@.....#
#.........#######.##.##
...#........# ##.#
#..#........#+#.#.#
#..#...............
#..##.....#.....#.#
#..)..).†.#.....#.#
#.######.##.....#.#
.....###.##.....#


There were no monsters in sight!

Vanquished Creatures
  An endoplasm (D:1)
  3 goblins (D:1)
  2 ball pythons (D:1)
  2 rats (D:1)
8 creatures vanquished.

Notes
Turn   | Place    | Note
-------+----------+-------------------------------------------
     0 | D:1      | Gadfly the Demonspawn Monk began the quest for the Orb.
     0 | D:1      | Reached XP level 1. HP: 18/18 MP: 1/1
     4 | D:1      | Found Xyuq's Antique Armour Emporium.
   216 | D:1      | Gained mutation: You sometimes gain a little power by
                  | taking damage. [demonic ancestry]
   216 | D:1      | Reached XP level 2. HP: 24/24 MP: 2/2
   216 | D:1      | Quit the game

Illustrated notes

Levels and vault maps discovered:
D:1:      scummos_arrival_forest, layout_basic, serial_shops, shop,
          serial_forest, infiniplex_forest_corner_2,
          infiniplex_forest_lined_room_2, infiniplex_forest_zigzag_2,
          infiniplex_forest_clump_C, infiniplex_forest_corner_2,
          infiniplex_forest_lined_corner, infiniplex_forest_clump_curved

Action                     || total
---------------------------++-------
  Melee: Unarmed           ||    13
 Armour: Robe              ||     3
  Dodge: Dodged            ||     4
